 Dungeon Crawl Stone Soup version 0.23.2-40-g277498a001 (webtiles) character file.

Game seed: 2044900745281810130

3087 Gildeon the Severer (level 9, -3/70 HPs)
             Began as a Minotaur Fighter on Oct 21, 2019.
             Was a Follower of Nemelex Xobeh.
             Splashed by a jelly's acid (5 damage)
             ... on level 8 of the Dungeon.
             The game lasted 00:15:22 (6203 turns).

Gildeon the Severer (Minotaur Fighter)              Turns: 6203, Time: 00:15:22

Health: -3/70      AC:  6    Str: 24    XL:     9   Next: 59%
Magic:  8/8        EV:  7    Int:  5    God:    Nemelex Xobeh [*.....]
Gold:   448        SH: 10    Dex: 10    Spells: 8/8 levels left

rFire    . . .     SeeInvis .   a - +1 war axe
rCold    . . .     Gourm    .   c - +1 shield
rNeg     . . .     Faith    .   g - +4 scale mail of Guanut {rElec}
rPois    .         Spirit   .   (helmet restricted)
rElec    +         Reflect  .   (no cloak)
rCorr    .         Harm     .   (no gloves)
MR       .....                  (no boots)
Stlth    +.........             s - amulet of the acrobat
HPRegen  0.21/turn              o - ring of stealth
MPRegen  0.11/turn              (no ring)

@: corroded
A: retaliatory headbutt, horns 2
a: Draw Escape, Draw Destruction, Draw Summoning, Renounce Religion


You were on level 8 of the Dungeon.
You worshipped Nemelex Xobeh.
Nemelex Xobeh was aware of your devotion.
You were very hungry.

You visited 2 branches of the dungeon, and saw 9 of its levels.

You collected 448 gold pieces.

Inventory:

Hand Weapons
 a - a +1 war axe (weapon)
 b - a +1 whip of flaming
 q - a +2 war axe of freezing
Armour
 c - a +1 shield (worn)
 g - the +4 scale mail of Guanut (worn) {rElec}
   (You found it on level 4 of the Dungeon)

   It insulates you from electricity.
Jewellery
 o - a ring of stealth (left hand)
 s - an amulet of the acrobat (around neck)
Scrolls
 h - 10 scrolls of teleportation
 l - a scroll of amnesia
 p - a scroll of fog
 r - a scroll of enchant armour
 v - a scroll of fear
 w - 2 scrolls of remove curse
Potions
 d - 3 potions of might
 e - 2 potions of haste
 j - a potion of berserk rage
 k - a potion of brilliance
 m - 2 potions of flight
 n - a potion of curing
 t - a potion of magic {unknown}
 u - a potion of mutation
Comestibles
 f - 11 rations


   Skills:
 - Level 3.6 Fighting
 + Level 15.2 Axes
 - Level 3.6 Armour
 - Level 3.6 Shields


You had 8 spell levels left.
You didn't know any spells.
Your spell library was empty.

Dungeon Overview and Level Annotations

Branches:
Dungeon (8/15)             Temple (1/1) D:7
   Lair: D:8-11

Altars:
Ashenzari
Cheibriados
Dithmenos
Elyvilon
Fedhas
Gozag
Hepliaklqana
Kikubaaqudgha
Makhleb
Nemelex Xobeh
Okawaru
Qazlal
Ru
Sif Muna
Trog
Uskayaw
Vehumet
Wu Jian
Xom
Yredelemnul
Zin
The Shining One


Innate Abilities, Weirdness & Mutations

You reflexively headbutt those who attack you in melee.
You have a pair of horns on your head.


Message History

* * * LOW HITPOINT WARNING * * *
You feel sick.
The killer bee stings you but does no damage.
You slash the killer bee!
You kill the killer bee!
* * * LOW HITPOINT WARNING * * *
You feel sick.
You slash the hound!
You kill the hound!
You are feeling very hungry.
* * * LOW HITPOINT WARNING * * *
You feel sick.
You feel better.
You slash the jelly!
Your hands burn!
* * * LOW HITPOINT WARNING * * *
The jelly is heavily wounded.
You block the jelly's attack.
You hit the jelly but do no damage. The acid corrodes you!
Your hands burn!
You die...
Your body disappears without a glow.

##...........# .
##....#.....#..
#..............
#...##.........
#..###......... #
##...#.........
....#.....##......
...%.....###......
.........J@.......
.........#†.......
.........###......
.......... ......
.........!. .....
........... .....
....<....... ....
......# ....


You could see a jelly.

Vanquished Creatures
  Pikel (D:5)
  A hippogriff (D:4)
  Duvessa (D:5)
  An orc warrior (D:6)
  A slave (D:5)
  A black bear (D:6)
  2 ogres
  3 centaurs
  2 bullfrogs
  2 scorpions
  6 killer bees
  3 howler monkeys (D:8)
  5 crimson imps
  5 hounds
  5 orc priests
  6 orc wizards
  An iguana (D:4)
  8 worker ants
  A hound zombie (D:5)
  3 gnolls (D:5)
  11 adders
  2 shadow imps
  An ooze (D:3)
  2 worms
  5 leopard geckos
  38 orcs
  8 giant cockroaches
  2 goblins (D:1)
  7 hobgoblins
  14 jackals
  6 quokkas
  A ball python (D:1)
  4 bats
  8 frilled lizards
  A jackal skeleton (D:4)
  4 kobolds
  2 quokka skeletons (D:5)
  A quokka zombie (D:7)
  4 rats
179 creatures vanquished.

Vanquished Creatures (others)
  Dowan (D:5)
  An orc priest (D:6)
  2 orc wizards
  A hound zombie (D:5)
  2 orcs (D:6)
  4 jackals (D:6)
11 creatures vanquished.

Grand Total: 190 creatures vanquished

Notes
Turn   | Place    | Note
-------+----------+-------------------------------------------
     0 | D:1      | Gildeon the Minotaur Fighter began the quest for the Orb.
     0 | D:1      | Reached XP level 1. HP: 19/19 MP: 0/0
   277 | D:1      | Reached skill level 3 in Axes
   304 | D:1      | Reached XP level 2. HP: 26/26 MP: 1/1
   972 | D:2      | Reached skill level 4 in Axes
  1055 | D:2      | Reached XP level 3. HP: 24/31 MP: 2/2
  1718 | D:3      | Reached skill level 5 in Axes
  1936 | D:3      | Reached XP level 4. HP: 36/39 MP: 3/3
  2239 | D:3      | Reached skill level 6 in Axes
  2256 | D:3      | Reached XP level 5. HP: 29/45 MP: 4/4
  2746 | D:4      | Reached skill level 7 in Axes
  3035 | D:4      | Got a steaming scale mail
  3046 | D:4      | Identified the +4 scale mail of Guanut {rElec} (You found
                  | it on level 4 of the Dungeon)
  3171 | D:4      | Reached XP level 6. HP: 38/51 MP: 5/5
  3176 | D:4      | Reached skill level 8 in Axes
  3253 | D:4      | Noticed a hippogriff
  3263 | D:4      | Killed a hippogriff
  3263 | D:4      | Reached skill level 9 in Axes
  3263 | D:4      | Reached XP level 7. HP: 53/57 MP: 6/6
  3586 | D:5      | Entered Level 5 of the Dungeon
  3772 | D:5      | Reached skill level 10 in Axes
  3859 | D:5      | Noticed Pikel
  4015 | D:5      | Noticed Duvessa
  4015 | D:5      | Noticed Dowan
  4037 | D:5      | Killed Duvessa
  4037 | D:5      | Reached skill level 11 in Axes
  4046 | D:5      | Killed Pikel
  4046 | D:5      | Reached skill level 12 in Axes
  4046 | D:5      | Reached XP level 8. HP: 47/64 MP: 7/7
  4052 | D:5      | Killed Dowan
  4348 | D:5      | Found a sacrificial altar of Ru.
  4478 | D:5      | Found a glowing silver altar of Zin.
  4478 | D:5      | Found a sparkling altar of Nemelex Xobeh.
  4478 | D:5      | Found an iron altar of Okawaru.
  4478 | D:5      | Found a shadowy altar of Dithmenos.
  4485 | D:5      | Found an opulent altar of Gozag.
  4485 | D:5      | Found an ornate altar of the Wu Jian Council.
  4517 | D:5      | Became a worshipper of Nemelex Xobeh the Trickster
  4590 | D:5      | Found a shimmering altar of Xom.
  4729 | D:6      | Reached skill level 13 in Axes
  5096 | D:6      | Received a gift from Nemelex Xobeh
  5251 | D:6      | Reached XP level 9. HP: 67/70 MP: 8/8
  5520 | D:7      | Received a gift from Nemelex Xobeh
  5567 | D:7      | Reached * piety under Nemelex Xobeh
  5641 | D:7      | Reached skill level 14 in Axes
  5834 | D:7      | Found a staircase to the Ecumenical Temple.
  5878 | Temple   | Entered the Ecumenical Temple
  6184 | D:8      | Reached skill level 15 in Axes
  6199 | D:8      | HP: 3/70 [poisoned by a killer bee]
  6203 | D:8      | Splashed by a jelly's acid

Skill      XL: |  1  2  3  4  5  6  7  8  9 |
---------------+----------------------------+-----
Axes           | 3 4 5 6 7 9 12 13 15 | 15.2
Fighting       | |  3.6
Armour         | |  3.6
Shields        | |  3.6

Action                   |  1- 3 |  4- 6 |  7- 9 || total
-------------------------+-------+-------+-------++-------
Melee: War axe           |   110 |   124 |   273 ||   507
       Headbutt          |    13 |    14 |    43 ||    70
  Use: Scroll            |     6 |     4 |     6 ||    16
       Potion            |       |     1 |     3 ||     4
  Eat: Chunk             |     3 |     5 |     5 ||    13
       Ration            |       |       |     1 ||     1
Armor: Scale mail        |    49 |    29 |    80 ||   158
       Chain mail        |       |    27 |       ||    27
Dodge: Dodged            |    33 |    31 |    76 ||   140
Block: Shield            |    53 |    62 |   118 ||   233
